 Dungeon Crawl Stone Soup version 0.31.0-9-g3a7656b989 (console) character file.

Game seed: 8674099385618630399

4939 AlterAsc the Cleaver (level 10, -6/72 HPs)
             Began as a Formicid Fighter on Jan 31, 2024.
             Was a Follower of Okawaru.
             Mangled by a two-headed ogre
             ... wielding a +0 giant club
              (15 damage)
             ... on level 10 of the Dungeon.
             The game lasted 00:19:12 (8347 turns).

AlterAsc the Cleaver (Formicid Fighter)             Turns: 8347, Time: 00:19:12

Health: -6/72      AC: 14    Str: 25    XL:     10   Next: 81%
Magic:  12/12      EV:  6    Int:  8    God:    Okawaru [*.....]
Gold:   620        SH:  9    Dex: 13    Spells: 9/9 levels left

rFire   . . .        u - +0 hand axe (elec)
rCold   + . .        n - +0 kite shield
rNeg    . . .        s - +0 plate armour
rPois   .            (helmet unavailable)
rElec   .            (no cloak)
rCorr   .            b - +0 pair of gloves
SInv    +            m - +0 pair of boots
Will    +....        (no amulet) Stlth
                     p - ring of protection from cold
HPRegen 0.32/turn    y - ring of flight
MPRegen 0.13/turn

%: no passive effects
@: flying
A: permanent stasis, dig shafts and tunnels, antennae 3, four strong arms
a: Dig, Shaft Self, Renounce Religion, Heroism


You were on level 10 of the Dungeon.
You worshipped Okawaru.
Okawaru was aware of your devotion.
You visited 2 branches of the dungeon, and saw 11 of its levels.
You also visited: Sewer.

You collected 620 gold pieces.

Inventory:

Hand Weapons
 a - a +0 war axe
 u - a +0 hand axe of electrocution (weapon)
 D - a +5 dire flail of freezing
 I - a +2 trident of draining
Missiles
 c - a throwing net
 k - 16 poisoned darts (quivered)
Armour
 b - a +0 pair of gloves (worn)
 m - a +0 pair of boots (worn)
 n - a +0 kite shield (worn)
 s - a +0 plate armour (worn)
Jewellery
 p - a ring of protection from cold (left hand)
 y - a ring of flight (right hand)
 F - a ring of fire
Wands
 E - a wand of flame (37)
 J - a wand of iceblast (4)
Scrolls
 d - 2 scrolls of immolation
 l - 2 scrolls of revelation
 q - 6 scrolls of amnesia
 r - 3 scrolls of enchant weapon {unknown}
 t - a scroll of fear {unknown}
 v - a scroll of vulnerability {unknown}
 x - 3 scrolls of poison {unknown}
 z - 3 scrolls of noise {unknown}
 B - 4 scrolls of acquirement {unknown}
 C - 3 scrolls of enchant armour
 K - a scroll of fog {unknown}
 L - 2 scrolls of identify
Potions
 f - 6 potions of mutation
 g - a potion of brilliance {unknown}
 i - 2 potions of attraction {unknown}
 j - a potion of degeneration {unknown}
 o - a potion of berserk rage {unknown}
 w - 4 potions of lignification {unknown}
 A - 3 potions of curing
 G - a potion of enlightenment {unknown}


   Skills:
 + Level 4.2 Fighting
 + Level 14.2 Axes
 - Level 4.1 Armour
 + Level 5.2 Shields
 + Level 3.2 Invocations


You had 9 spell levels left.
You didn't know any spells.
Your spell library contained the following spells:

 Spells                   Type           Power      Damage    Failure   Level
 Shock                    Conj/Air       0%         1d3       100%        1
 Cigotuvi's Dreadful Rot  Necr/Alch/Air  0%         N/A       100%        2
 Frozen Ramparts          Ice            0%         1d1       100%        3
 Airstrike                Air            0%         2d(0-16)  100%        4
 Ignite Poison            Fire/Alch      0%         N/A       100%        4
 Leda's Liquefaction      Alch/Erth      0%         N/A       100%        4
 Petrify                  Alch/Erth      0%         N/A       100%        4
 Sticky Flame             Fire/Alch      0%         2d4       100%        4
 Freezing Cloud           Conj/Ice/Air   0%         6-21      100%        5
 Metabolic Englaciation   Hex/Ice        0%         N/A       100%        5
 Ignition                 Fire           0%         3d3       100%        8
 Chain Lightning          Conj/Air       0%         N/A       100%        9
 Fire Storm               Conj/Fire      0%         5d1       100%        9
 Shatter                  Erth           0%         3d5*      100%        9
 Swiftness                Air            Unusable   N/A       N/A         3

Dungeon Overview and Level Annotations

Branches:
Dungeon (10/15)            Temple (1/1) D:4           Sewer (visited)
   Lair: D:8-11         Orc: D:9-12

Altars:
Ashenzari
Cheibriados
Dithmenos
Elyvilon
Fedhas
Gozag
Hepliaklqana
Kikubaaqudgha
Makhleb
Nemelex Xobeh
Okawaru
Qazlal
Ru
Sif Muna
Trog
Uskayaw
Vehumet
Wu Jian
Xom
Yredelemnul
Zin
The Shining One

Shops:
D:5 :   D:7 [

Annotations:
D:7 5 runed translucent doors
D:9 3 runed translucent doors, Erica


Innate Abilities, Weirdness & Mutations

You cannot be hasted, slowed, berserked, paralysed or teleported.
You can dig through walls and to a lower floor.
You have a pair of large antennae on your head. (SInv)
Your four strong arms can wield two-handed weapons with a shield.


Message History

The poisoned dart closely misses the two-headed ogre.
You slash the two-headed ogre!
The two-headed ogre is lightly wounded.
The two-headed ogre hits you with a +0 giant club!!
The two-headed ogre hits you with a +0 giant spiked club!!
You feel much better.
Press: ? - help, v - describe, . - travel
Here: a two-headed ogre, wielding a +0 giant club and a +0 giant spiked club (lightly wounded, poisoned)
The floor, spattered with blood.
Unknown command.
Okay, then.
Press: ? - help, v - describe, . - travel An open door, spattered with blood.
Unknown command.
The two-headed ogre attacks as it pursues you!
The two-headed ogre hits you with a +0 giant club!
The two-headed ogre hits you with a +0 giant spiked club.
Okay, then.
Okay, then.
You fail to use your ability.
The two-headed ogre looks more healthy.
The two-headed ogre hits you with a +0 giant club.
The two-headed ogre hits you with a +0 giant spiked club.
* * * LOW HITPOINT WARNING * * *
Press: ? - help, v - describe, . - travel
Here: a two-headed ogre, wielding a +0 giant club and a +0 giant spiked club (moderately wounded)
An open door, spattered with blood.
You hit the two-headed ogre but do no damage.
The two-headed ogre is moderately wounded.
You hit the two-headed ogre.
Lightning courses through the two-headed ogre!
The two-headed ogre is heavily wounded.
The two-headed ogre hits you with a +0 giant club!
* * * LOW HITPOINT WARNING * * *
You block the two-headed ogre's attack.
You hit the two-headed ogre but do no damage.
The two-headed ogre is heavily wounded.
You barely miss the two-headed ogre.
The two-headed ogre is heavily wounded.
The two-headed ogre hits you with a +0 giant club!
You die...

...(....?#
..(......#
...(.....#
....(.>..+
.........#
.........#
.........#
#O# #@#
##.# ##..#
#..##
#######.##
......#[#
#...#######
###.......<
#.#######
#.# #[#


You could see a two-headed ogre.

Vanquished Creatures
  Pikel (D:5)
  Jeremiah (D:8)
  Prince Ribbit (D:5)
  Grinder (D:3)
  Sigmund (D:2)
  A yak (D:8)
  A steam dragon (D:7)
  Eustachio (D:5)
  2 water moccasins
  Duvessa (D:7)
  3 sky beasts
  An ice beast (D:6)
  An ogre (D:5)
  2 lemures (D:5)
  A centaur (D:7)
  2 kobold brigands (D:8)
  3 bullfrogs
  5 scorpions
  A gnoll sergeant (D:6)
  10 wights
  Dowan (D:7)
  4 killer bees (D:8)
  2 howler monkeys (D:8)
  A gnoll bouda (D:8)
  4 hounds
  2 orc priests
  2 jellies
  2 iguanas
  3 orc wizards
  3 hell rats
  6 adders
  14 gnolls
  12 river rats
  A white imp (D:7)
  2 ufetubi (D:5)
  A dart slug (D:1)
  4 ribbon worms
  14 orcs
  3 bats
  5 endoplasms
  4 giant cockroaches
  7 goblins
  8 hobgoblins
  2 jackals (D:2)
  7 quokkas
  8 ball pythons
  4 frilled lizards
  11 kobolds
  28 rats
205 creatures vanquished.

Notes
Turn   | Place    | Note
-------+----------+-------------------------------------------
     0 | D:1      | AlterAsc the Formicid Fighter began the quest for the Orb.
     0 | D:1      | Reached XP level 1. HP: 18/18 MP: 1/1
   277 | D:1      | Reached XP level 2. HP: 23/24 MP: 2/2
   305 | D:1      | Reached skill level 3 in Axes
   408 | D:1      | Reached XP level 3. HP: 29/29 MP: 3/3
   836 | D:2      | Noticed Sigmund
   843 | D:2      | Killed Sigmund
   844 | D:2      | Reached skill level 5 in Axes
   844 | D:2      | Reached XP level 4. HP: 22/35 MP: 4/4
   844 | D:2      | Reached XP level 5. HP: 26/41 MP: 5/5
   942 | D:2      | Found a faded altar of an unknown god.
   974 | D:2      | Reached XP level 6. HP: 45/47 MP: 6/6
  1056 | D:2      | Prayed at the altar of an unknown god.
  1056 | D:2      | Became a worshipper of Elyvilon the Healer
  1056 | D:2      | Reached * piety under Elyvilon
  1205 | D:2      | Reached skill level 6 in Axes
  1612 | D:3      | Found a glowing drain.
  1680 | Sewer    | Entered a sewer
  1848 | D:3      | Found a radiant altar of Vehumet.
  1866 | D:3      | Reached XP level 7. HP: 43/51 MP: 7/7
  1928 | D:3      | Reached ** piety under Elyvilon
  1992 | D:3      | Found a hazy altar of Hepliaklqana.
  1995 | D:3      | Noticed Grinder
  2016 | D:3      | Killed Grinder
  2017 | D:3      | Reached skill level 7 in Axes
  2114 | D:3      | Found a glowing silver altar of Zin.
  2665 | D:4      | Found a staircase to the Ecumenical Temple.
  2703 | D:4      | Reached skill level 8 in Axes
  2703 | D:4      | Reached XP level 8. HP: 29/58 MP: 10/10
  2942 | D:4      | Reached *** piety under Elyvilon
  3073 | D:4      | Found an opulent altar of Gozag.
  3084 | D:4      | Found a bloodstained altar of Trog.
  3253 | D:5      | Entered Level 5 of the Dungeon
  3330 | D:5      | Noticed Pikel
  3359 | D:5      | Killed Pikel
  3360 | D:5      | Reached skill level 9 in Axes
  3435 | D:5      | Reached skill level 10 in Axes
  3446 | D:5      | Reached XP level 9. HP: 51/64 MP: 11/11
  3607 | D:5      | Noticed Eustachio
  3622 | D:5      | Killed Eustachio
  3964 | D:5      | Found Pyrryon's Book Boutique.
  4156 | D:5      | Noticed Prince Ribbit
  4182 | D:5      | Killed Prince Ribbit
  4183 | D:5      | Reached skill level 11 in Axes
  4571 | D:6      | Reached **** piety under Elyvilon
  4708 | D:6      | Found a glowing golden altar of the Shining One.
  5038 | D:6      | Reached skill level 12 in Axes
  5249 | D:7      | Found a runed translucent door.
  5267 | D:7      | Found a runed translucent gate.
  5291 | D:7      | Found a runed translucent door.
  5292 | D:7      | Found a runed translucent gate.
  5292 | D:7      | Found a runed translucent gate.
  5300 | D:7      | Found the +9 staff of Olgreb {rPois∞}
  5385 | D:7      | Reached XP level 10. HP: 41/70 MP: 12/12
  5489 | D:7      | Noticed Dowan
  5489 | D:7      | Noticed Duvessa
  5499 | D:7      | Killed Dowan
  5504 | D:7      | Killed Duvessa
  5505 | D:7      | Reached skill level 13 in Axes
  5636 | D:7      | Found Erphi's Armour Boutique.
  5636 | D:7      | Noticed an animated gold dragon scales
  5646 | D:7      | Noticed an animated storm dragon scales
  6169 | Temple   | Entered the Ecumenical Temple
  6198 | Temple   | Fell from the grace of Elyvilon
  6198 | Temple   | Became a worshipper of Warmaster Okawaru
  6956 | D:8      | Reached skill level 14 in Axes
  7065 | D:8      | Noticed Jeremiah
  7094 | D:8      | Killed Jeremiah
  7094 | D:8      | Reached * piety under Okawaru
  8030 | D:9      | Reached skill level 5 in Shields
  8099 | D:9      | Found a runed translucent gate.
  8099 | D:9      | Found a runed translucent gate.
  8099 | D:9      | Found a runed translucent gate.
  8100 | D:9      | Noticed a brown ugly thing
  8100 | D:9      | Noticed a green ugly thing
  8100 | D:9      | Noticed a green ugly thing
  8100 | D:9      | Noticed a lindwurm
  8101 | D:9      | Noticed a brown ugly thing
  8101 | D:9      | Noticed a brown ugly thing
  8123 | D:9      | Noticed Erica
  8149 | D:9      | You are sucked into a shaft and drop 1 floor!
  8149 | D:10     | Entered Level 10 of the Dungeon
  8334 | D:10     | Noticed a two-headed ogre
  8347 | D:10     | Mangled by a two-headed ogre

Illustrated notes

Levels and vault maps discovered:
D:1:      wander_arrival_lonely_grave, layout_loops_ring, serial_forest,
          infiniplex_forest_lined_3, infiniplex_forest_lined_3,
          infiniplex_forest_diagonal, infiniplex_forest_zigzag_2,
          infiniplex_forest_straight_1, infiniplex_forest_pool,
          infiniplex_forest_lined_4_way, infiniplex_forest_lined_corner,
          minmay_cupped
D:2:      layout_rooms, shapermc_ecumenical_altar_mp_vishouse,
          minmay_pentomino_t2, uniq_sigmund
D:3:      layout_basic, lemuel_doored_altar, nicolae_overflow_squiral,
          lightli_sewer_entry_pipes, uniq_grinder
D:4:      cheibrodos_old_hovel, layout_basic, kennysheep_mini_moat,
          old_standard_altar, minmay_temple_entry_mist,
          kennysheep_generic_room_3
D:5:      layout_loops_corners, serial_shops, shop, uniq_eustachio,
          uniq_prince_ribbit1, uniq_pikel
D:6:      layout_rooms, lemuel_tele_altar, serial_corexii_hall,
          corexii_hall_statues_l, corexii_hall_statues_l,
          chequers_hall_statues_y
D:7:      layout_basic, serial_shops, nicolae_shop_mannequins,
          minmay_guarded_unrand_staff_of_olgreb, uniq_duvessa
D:8:      lemuel_ratsnest, layout_loops_ring, chequers_serial_rivers_large_b,
          uniq_jeremiah
D:9:      layout_basic, ploomutoo_gammafunk_ghost_potion_laboratory, uniq_erica
D:10:     layout_roguey, uniq_erolcha, uniq_joseph
Temple:   kb_temple_of_zot

Skill      XL: |  1  2  3  4  5  6  7  8  9 10 |
---------------+-------------------------------+-----
Axes           | 3 5 6 8 10 12 14 | 14.2
Invocations    | 3 |  3.2
Armour         | 4 |  4.1
Fighting       | 4 |  4.2
Shields        | 5 |  5.2

Action                     |  1- 3 |  4- 6 |  7- 9 | 10-12 || total
---------------------------+-------+-------+-------+-------++-------
  Melee: War axe           |    70 |    73 |       |       ||   143
         Hand axe          |       |    29 |   299 |   278 ||   606
  Throw: Dart              |       |       |       |     5 ||     5
 Invoke: Heal Self         |       |       |     1 |       ||     1
         Heroism           |       |       |       |     1 ||     1
Ability: Dig               |       |       |       |     2 ||     2
         Shaft Self        |       |       |       |     1 ||     1
    Use: Potion            |     1 |     1 |       |     4 ||     6
         Scroll            |       |       |     7 |     3 ||    10
 Armour: Scale mail        |    59 |    36 |       |       ||    95
         Plate armour      |       |    37 |   196 |   149 ||   382
  Dodge: Dodged            |    38 |    38 |    52 |    43 ||   171
  Block: Buckler           |    21 |    20 |    54 |       ||    95
         Kite shield       |       |       |    32 |    96 ||   128
